AoeStats
← CazadorGT

Socotra

505962682Analyzed
3v3 RM · 22d ago on Sep 11, 2026· 33m 17s· 6 players
Game mode
Random Map
Map size
128×128
Population
200
Speed
Normal
Resources
Standard
Victory
Conquest
Starting age
Dark Age
Ending age
Imperial Age
RankedLock teamsTeams togetherTeam positionsShared explorationLock speedFull tech treeHidden civsTurbo modeCheats
Victory
Defeat
🇬🇹 Armenians · Guatemala
1037
+14
🇵🇪 Poles · Peru
1017
+14
🇦🇷 Persians · Argentina
803
+23
🇺🇸 Japanese · United States
1037
-20
🇺🇸 Burgundians · United States
959
-16
🇬🇧 Spanish · United Kingdom
927
-15
COSTAMDP
5:47 Loom
9:38 Feudal Age
13:11 Man-at-Arms
24:31 Forging
30:28 Scale Barding Armor
CazadorGT
7:37 Loom
10:35 Feudal Age
11:23 Man-at-Arms
12:35 Long Swordsman
14:00 Arson
16:45 Scale Mail Armor
18:19 Double-Bit Axe
19:47 Forging
20:20 Town Watch
27:39 Castle Age
26:19 Horse Collar
27:50 Two-Handed Swordsman
28:39 Fletching
30:12 Bodkin Arrow
31:36 Chain Mail Armor
32:26 Wheelbarrow
33:55 Padded Archer Armor
rodolfo casas noten¨o
4:47 Loom
8:25 Loom
11:31 Feudal Age
21:08 Castle Age
19:26 Double-Bit Axe
19:44 Stone Mining
20:27 Double-Bit Axe
23:06 Wheelbarrow
25:50 Scale Barding Armor
27:21 Horse Collar
30:12 Hand Cart
Willberfollower
7:12 Loom
9:38 Loom
9:44 Loom
12:15 Feudal Age
18:32 Fletching
linette.harmeling
6:43 Loom
12:20 Feudal Age
13:38 Double-Bit Axe
14:11 Horse Collar
18:46 Man-at-Arms
28:03 Castle Age
ImperatorX
1:18 Loom
12:04 Feudal Age
11:35 Double-Bit Axe
13:54 Scale Mail Armor
22:22 Gold Mining
22:13 Horse Collar
31:01 Forging
34:49 Castle Age
Connection lost

Rejoining the realm…

Still unreachable

The connection could not be restored.

Session expired

The server has moved on; the page needs a fresh start.